 Dungeon Sprint DCSS version 0.17-a0-1651-gae1a69f (webtiles) character file.

76600 Kidiri the Imperceptible (level 14, -17/59 HPs)
             Began as a Spriggan Enchanter on Aug 14, 2015.
             Was the Champion of Dithmenos.
             Hit by a large rock of returning thrown by Chuck (47 damage)
             ... in the Dungeon (Sprint III: "The Ten Rune Challenge").
             The game lasted 00:25:01 (5564 turns).

Kidiri the Imperceptible (Spriggan Enchanter)       Turns: 5564, Time: 00:25:01

Health: -17/59     AC:  6    Str:  4    XL:     14   Next: 12%
Magic:  21/37      EV: 36    Int: 22    God:    Dithmenos [******]
Gold:   202        SH:  0    Dex: 19    Spells: 14 memorised, 2 levels left

rFire  + . .     SeeInvis +     y - +5 quick blade
rCold  + . .     Clarity  .     b - +1 robe
rNeg   . . .     SustAt   .     (shield restricted)
rPois  .         Gourm    .     i - +2 hat {Int+3}
rElec  .         Spirit   .     o - +0 cloak
rCorr  .         Warding  .     (gloves unavailable)
rMut   .         NoTele   +     (boots unavailable)
MR     ++...                    (no amulet)
Stlth  ++++++++++               (no ring)
                                D - ring of protection from cold

@: wreathed by umbra, very quick, very resistant to hostile enchantments,
uncannily stealthy
A: unfitting armour, see invisible, fire resistance 1, herbivore 3, speed 3,
slow metabolism 2, spit poison 1
a: Spit Poison, Shadow Step, Shadow Form, Renounce Religion
}: 2/10 runes: serpentine, barnacled


You were in the Dungeon.
You worshipped Dithmenos.
Dithmenos was exalted by your worship.
You were not hungry.

You visited 1 branch You collected 202 gold pieces.

Inventory:

Hand weapons
 y - a +5 quick blade (weapon)
 E - a +2 dagger of holy wrath
Armour
 b - a +1 robe (worn)
 i - a +2 hat of intelligence (worn)
 o - a +0 cloak (worn)
Jewellery
 D - a ring of protection from cold (left hand)
Magical devices
 j - a wand of disintegration (9)
 x - a wand of polymorph (12)
 F - a wand of confusion (20)
Scrolls
 k - 3 scrolls of remove curse
 q - a scroll of holy word {unknown}
 r - 2 scrolls of fog {unknown}
 u - a scroll of torment {unknown}
 v - a scroll of blinking
 w - a scroll of immolation {unknown}
 z - a scroll of random uselessness {unknown}
Potions
 e - a potion of curing
 f - a potion of invisibility
 g - a potion of haste
 h - a potion of magic
 l - 2 potions of might
 m - a potion of lignification
 s - 2 potions of cure mutation
 t - 3 potions of flight
 B - a potion of degeneration {unknown}
Books
 n - a book of Burglary

   Spells                             Type                      Level
   a - Swiftness                      Charms/Air                   2
   b - Passwall                       Transmutation/Earth          3
   c - Passage of Golubria            Translocation                4
   d - Lee's Rapid Deconstruction     Earth                        5
   e - Darkness                       Hexes                        6
   f - Invisibility                   Hexes                        6
 C - a book of Hinderance

   Spells                             Type                      Level
   a - Confusing Touch                Hexes                        2
   b - Confuse                        Hexes                        3
   c - Gell's Gravitas                Hexes/Translocation          3
   d - Petrify                        Transmutation/Earth          4
   e - Metabolic Englaciation         Hexes/Ice                    5
Comestibles
 a - 2 fruits
 c - 25 royal jellies
 d - 3 bread rations


   Skills:
 + Level 12.3 Short Blades
 * Level 20.9 Dodging
 * Level 22.7 Stealth
 * Level 18.1 Spellcasting
 + Level 8.7 Conjurations
 + Level 13.8 Hexes
 + Level 5.8 Charms
 + Level 14.2 Translocations
 + Level 12.9 Transmutations
 + Level 9.4 Ice Magic
 + Level 3.7 Air Magic
 + Level 9.6 Earth Magic
 - Level 4.8 Invocations


You had 2 spell levels left.
You knew the following spells:

 Your Spells              Type           Power        Failure   Level  Hunger
a - Corona                Hex            ######.      0%          1    None
b - Ensorcelled Hibernat  Hex/Ice        ######       1%          2    None
c - Confuse               Hex            ######..     1%          3    None
d - Tukima's Dance        Hex            ######..     1%          3    None
e - Dazzling Spray        Conj/Hex       ######..     1%          3    None
f - Passwall              Trmt/Erth      ######....   1%          3    None
g - Passage of Golubria   Tloc           N/A          1%          4    None
h - Lee's Rapid Deconstr  Erth           ######....   1%          5    None
i - Darkness              Hex            ######....   1%          6    ####...
j - Invisibility          Hex            ######..     1%          6    ####...
k - Swiftness             Chrm/Air       #####...     1%          2    None
l - Confusing Touch       Hex            ######       0%          2    None
m - Gell's Gravitas       Hex/Tloc       ######....   1%          3    None
n - Petrify               Trmt/Erth      ######..     1%          4    None


Dungeon Overview and Level Annotations

Branches:
Dungeon (1/1)

Altars:
Cheibriados
Dithmenos
Elyvilon
Fedhas
Gozag
Kikubaaqudgha
Makhleb
Nemelex Xobeh
Okawaru
Qazlal
Ru
Sif Muna
Trog
Vehumet
Xom
Yredelemnul
Zin
The Shining One
Jiyva
Lugonu

Shops:
D =(?}?[=!?(?}(%[=:?

Annotations:
D Chuck, Mara


Innate Abilities, Weirdness & Mutations

You are tiny and cannot use many weapons and most armour.
You have supernaturally acute eyesight.
You are a herbivore.
You cover ground extremely quickly.
You need consume almost no food.
Your flesh is heat resistant.
You can spit weak poison.


Message History

The centaur shouts!
Chuck throws a large rock of returning.
The large rock of returning closely misses you.
Casting: Lee's Rapid Deconstruction
Confirm with . or Enter, or press ? or * to list all spells.
Aiming: Ensorcelled Hibernation
Press: ? - help, Shift-Dir - straight line, f - centaur
Aim: a centaur (umbra, chance to defeat MR: 72%)
The centaur looks drowsy...
Your shadow mimicks your spell!
The centaur is unaffected.
Chuck throws a large rock of returning.
The large rock of returning misses you.
The weapon returns to Chuck!
Chuck throws a large rock of returning.
The large rock of returning completely misses you.
The weapon returns to Chuck!
Found a twisted morningstar and a potion of curing.
There is an open door, spattered with blood here.
Chuck throws a large rock of returning.
The large rock of returning hits you!!!
Ouch! That really hurt!
You die...

##########
!))=)$$§C#
§≈≈§§§≈§≈#
..§§.....#
......c..#
.......@.#
################§##
#|..#...#..#..§§§§#
#...#...#..#..PPP§#
##+###+##..#(.P§P§#
#...).).'..'..PP..#
#.#####.####...)..#
'.#)..+.#..#......#
#######.+..#.....(#


You could see Chuck and a centaur (sleeping).

Vanquished Creatures
  Rupert (D)
  Polyphemus (D)
  Gastronok (D)
  Dowan (D)
  Ilsuiw (D)
  A greater naga (D)
  Maud (D)
  2 dire elephants (D)
  A merfolk javelineer (D)
  Josephine (D)
  A yaktaur captain (D)
  A fire dragon (D)
  A naga warrior (D)
  2 hydras (D)
  2 centaur warriors (D)
  4 dancing weapons (D)
  4 death yaks (D)
  4 anacondas (D)
  A shadow wraith (D)
  A skeletal warrior (D)
  An unseen horror (D)
  A spriggan druid (D)
  A death drake (D)
  An obsidian statue (D)
  A sea snake (D)
  An anubis guard (shapeshifter) (D)
  A lindwurm (shapeshifter) (D)
  A lindwurm (D)
  4 crystal guardians (D)
  3 ugly things (D)
  A guardian serpent (D)
  7 black mambas (D)
  2 elephants (D)
  4 statues (D)
  A molten gargoyle (D)
  Duvessa (D)
  2 spiny frogs (D)
  A fire drake (D)
  A komodo dragon (D)
  3 wandering mushrooms (D)
  4 spriggan defenders (D)
  A deep elf priest (D)
  A queen bee (D)
  2 orc high priests (D)
  3 slime creatures (D)
  8 blink frogs (D)
  3 redbacks (D)
  2 spriggans (D)
  A shadow (D)
  A spatial vortex (D)
  2 nagas (D)
  5 water moccasins (D)
  A hydra simulacrum (D)
  A necrophage (D)
  2 black mamba simulacra (D)
  A swamp drake (D)
  2 centaurs (D)
  An earth elemental (D)
  A water elemental (D)
  2 brain worms (D)
  32 killer bees (D)
  An electric eel (D)
  A wizard (D)
  Crazy Yiuf (D)
  A jelly (D)
  Jessica (D)
  A necromancer (D)
  2 orc priests (D)
  A polar bear simulacrum (D)
  3 sheep (D)
  3 humans (D)
  A kobold demonologist (D)
  An adder (D)
  An ooze (D)
  A rat (D)
  4 plants (D)
169 creatures vanquished.

Vanquished Creatures (others)
  2 draconian scorchers (D)
  4 ball lightnings (D)
  3 yaktaurs (D)
  5 ballistomycetes (D)
  A bush (D)
  3 giant spores (D)
  5 plants (D)
23 creatures vanquished.

Grand Total: 192 creatures vanquished

Notes
Turn   | Place    | Note
--------------------------------------------------------------
     0 | D        | Kidiri the Spriggan Enchanter began the quest for the Orb.
     0 | D        | Reached XP level 1. HP: 9/9 MP: 5/5
    11 | D        | Reached skill level 5 in Stealth
    21 | D        | Noticed Jessica
    25 | D        | Killed Jessica
    25 | D        | Reached skill level 5 in Dodging
    25 | D        | Reached skill level 6 in Stealth
    25 | D        | Reached XP level 2. HP: 13/13 MP: 6/8
    25 | D        | Reached XP level 3. HP: 16/16 MP: 6/9
    29 | D        | Learned a level 2 spell: Ensorcelled Hibernation
    33 | D        | Learned a level 3 spell: Confuse
    37 | D        | Learned a level 3 spell: Tukima's Dance
    77 | D        | Noticed Crazy Yiuf
    80 | D        | Killed Crazy Yiuf
    80 | D        | Reached skill level 7 in Stealth
    80 | D        | Reached skill level 5 in Spellcasting
   102 | D        | Learned a level 3 spell: Dazzling Spray
   195 | D        | Killed a white draconian scorcher
   204 | D        | Killed a yaktaur
   218 | D        | Killed a white draconian scorcher
   235 | D        | Reached skill level 1 in Ice Magic
   235 | D        | Reached XP level 4. HP: 21/21 MP: 9/12
   269 | D        | Gained mutation: Your body sometimes deteriorates upon taking damage. [potion of mutation]
   269 | D        | Gained mutation: You are partially covered in rough black scales (AC +4, Dex -1). [potion of mutation]
   269 | D        | Gained mutation: Your magical capacity is low (-10% MP). [potion of mutation]
   270 | D        | Lost mutation: Your body sometimes deteriorates upon taking damage. [potion of cure mutation]
   270 | D        | Lost mutation: Your magical capacity is low (-10% MP). [potion of cure mutation]
   270 | D        | Lost mutation: You are partially covered in rough black scales (AC +4, Dex -1). [potion of cure mutation]
   271 | D        | Gained mutation: You can spit weak poison. [potion of mutation]
   271 | D        | Gained mutation: Your flesh is heat resistant. [potion of mutation]
   307 | D        | Noticed a water elemental
   327 | D        | Killed a water elemental
   327 | D        | Reached skill level 8 in Stealth
   327 | D        | Reached skill level 1 in Conjurations
   327 | D        | Reached skill level 5 in Hexes
   327 | D        | Reached XP level 5. HP: 24/24 MP: 12/14
   353 | D        | Noticed a jelly
   354 | D        | Noticed a shadow
   356 | D        | Killed a shadow
   356 | D        | Reached skill level 9 in Dodging
   356 | D        | Reached skill level 10 in Stealth
   356 | D        | Reached XP level 6. HP: 28/28 MP: 14/17
   360 | D        | Killed a jelly
   365 | D        | Found a stormy altar of Qazlal.
   365 | D        | Noticed a spatial vortex
   366 | D        | Found a sacrificial altar of Ru.
   366 | D        | Found a burning altar of Makhleb.
   366 | D        | Found a viscous altar of Jiyva.
   366 | D        | Found a shimmering altar of Xom.
   366 | D        | Found a shadowy altar of Dithmenos.
   366 | D        | Found a sparkling altar of Nemelex Xobeh.
   366 | D        | Found a corrupted altar of Lugonu.
   366 | D        | Found an opulent altar of Gozag.
   370 | D        | Became a worshipper of Dithmenos the Shadowed
   373 | D        | Killed a spatial vortex
   373 | D        | Reached skill level 5 in Short Blades
   373 | D        | Reached skill level 11 in Stealth
   373 | D        | Reached skill level 1 in Invocations
   397 | D        | Found a radiant altar of Vehumet.
   398 | D        | Found a deep blue altar of Sif Muna.
   398 | D        | Found an ancient bone altar of Kikubaaqudgha.
   398 | D        | Noticed a wizard
   399 | D        | Killed a wizard
   399 | D        | Reached skill level 10 in Dodging
   411 | D        | Learned a level 3 spell: Passwall
   416 | D        | Learned a level 4 spell: Passage of Golubria
   496 | D        | Found a glowing silver altar of Zin.
   497 | D        | Found a glowing golden altar of the Shining One.
   497 | D        | Found a white marble altar of Elyvilon.
   497 | D        | Noticed a deep elf priest
   499 | D        | Killed a deep elf priest
   499 | D        | Reached skill level 1 in Transmutations
   499 | D        | Reached skill level 1 in Earth Magic
   499 | D        | Reached XP level 7. HP: 32/32 MP: 18/20
   510 | D        | Learned a level 5 spell: Lee's Rapid Deconstruction
   567 | D        | Found an iron altar of Okawaru.
   568 | D        | Found a bloodstained altar of Trog.
   568 | D        | Noticed a human
   568 | D        | Noticed a human
   570 | D        | Killed a human
   570 | D        | Reached skill level 12 in Stealth
   571 | D        | Killed a human
   622 | D        | Found a snail-covered altar of Cheibriados.
   622 | D        | Noticed a necrophage
   623 | D        | Noticed a necromancer
   625 | D        | Killed a necromancer
   625 | D        | Acquired Dithmenos's first power
   627 | D        | Found a basalt altar of Yredelemnul.
   627 | D        | Found a blossoming altar of Fedhas.
   629 | D        | Killed a necrophage
   629 | D        | Reached XP level 8. HP: 36/36 MP: 14/22
   686 | D        | Noticed Josephine
   688 | D        | Killed Josephine
   688 | D        | Reached skill level 13 in Stealth
   688 | D        | Reached skill level 10 in Spellcasting
   698 | D        | Noticed an earth elemental
   763 | D        | Killed an earth elemental
   834 | D        | Noticed a centaur
   834 | D        | Noticed a centaur warrior
   834 | D        | Noticed a centaur
   836 | D        | Killed a centaur
   836 | D        | Reached skill level 5 in Translocations
   838 | D        | Killed a centaur warrior
   838 | D        | Acquired Dithmenos's second power
   838 | D        | Reached skill level 14 in Stealth
   838 | D        | Reached skill level 5 in Transmutations
   838 | D        | Reached XP level 9. HP: 39/39 MP: 23/25
   839 | D        | Killed a centaur
   860 | D        | Noticed an unseen horror
   862 | D        | Killed an unseen horror
   862 | D        | Reached skill level 5 in Ice Magic
   879 | D        | Learned a level 6 spell: Darkness
   879 | D        | Noticed a killer bee
   879 | D        | Noticed a killer bee
   879 | D        | Noticed a killer bee
   879 | D        | Noticed a queen bee
   879 | D        | Noticed a killer bee
   879 | D        | Noticed a killer bee
   879 | D        | Noticed a killer bee
   879 | D        | Noticed a killer bee
   879 | D        | Noticed a killer bee
   879 | D        | Noticed a killer bee
   879 | D        | Noticed a killer bee
   879 | D        | Noticed a killer bee
   879 | D        | Noticed a killer bee
   879 | D        | Noticed a killer bee
   879 | D        | Noticed a killer bee
   880 | D        | Noticed a killer bee
   880 | D        | Noticed a killer bee
   880 | D        | Noticed a killer bee
   880 | D        | Noticed a killer bee
   880 | D        | Noticed a killer bee
   880 | D        | Noticed a killer bee
   880 | D        | Noticed a killer bee
   880 | D        | Noticed a killer bee
   880 | D        | Noticed a killer bee
   880 | D        | Noticed a killer bee
   880 | D        | Noticed a killer bee
   880 | D        | Noticed a killer bee
   880 | D        | Noticed a killer bee
   880 | D        | Noticed a killer bee
   880 | D        | Noticed a killer bee
   880 | D        | Noticed a killer bee
   880 | D        | Noticed a killer bee
   880 | D        | Noticed a killer bee
   881 | D        | Killed a queen bee
   882 | D        | Killed a killer bee
   887 | D        | Killed a killer bee
   887 | D        | Acquired Dithmenos's third power
   889 | D        | Killed a killer bee
   891 | D        | Killed a killer bee
   893 | D        | Killed a killer bee
   895 | D        | Killed a killer bee
   897 | D        | Killed a killer bee
   899 | D        | Killed a killer bee
   899 | D        | Acquired Dithmenos's fourth power
   901 | D        | Killed a killer bee
   903 | D        | Killed a killer bee
   905 | D        | Killed a killer bee
   905 | D        | Reached XP level 10. HP: 37/44 MP: 8/26
   907 | D        | Killed a killer bee
   907 | D        | Reached skill level 15 in Stealth
   909 | D        | Killed a killer bee
   911 | D        | Killed a killer bee
   913 | D        | Killed a killer bee
  1124 | D        | Killed a killer bee
  1127 | D        | Killed a killer bee
  1130 | D        | Killed a killer bee
  1134 | D        | Killed a killer bee
  1140 | D        | Killed a killer bee
  1142 | D        | Killed a killer bee
  1144 | D        | Killed a killer bee
  1146 | D        | Killed a killer bee
  1148 | D        | Killed a killer bee
  1148 | D        | Reached skill level 5 in Conjurations
  1150 | D        | Killed a killer bee
  1296 | D        | Killed a killer bee
  1297 | D        | Killed a killer bee
  1305 | D        | Killed a killer bee
  1307 | D        | Killed a killer bee
  1309 | D        | Killed a killer bee
  1318 | D        | Killed a killer bee
  1318 | D        | Killed a killer bee
  1348 | D        | Killed a yaktaur
  1428 | D        | Noticed a wandering mushroom
  1429 | D        | Noticed a wandering mushroom
  1429 | D        | Noticed a wandering mushroom
  1430 | D        | Killed a wandering mushroom
  1432 | D        | Killed a wandering mushroom
  1441 | D        | Killed a wandering mushroom
  1855 | D        | Killed a yaktaur
  2167 | D        | Noticed a spiny frog
  2167 | D        | Noticed a komodo dragon
  2167 | D        | Noticed a spiny frog
  2169 | D        | Killed a spiny frog
  2172 | D        | Killed a spiny frog
  2174 | D        | Killed a komodo dragon
  2174 | D        | Reached skill level 16 in Stealth
  2174 | D        | Reached skill level 5 in Earth Magic
  2210 | D        | Noticed a redback
  2212 | D        | Killed a redback
  2213 | D        | Noticed a brain worm
  2216 | D        | Killed a brain worm
  2222 | D        | Noticed a brain worm
  2224 | D        | Killed a brain worm
  2227 | D        | Noticed a lindwurm
  2229 | D        | Noticed a redback
  2230 | D        | Killed a lindwurm
  2232 | D        | Killed a redback
  2237 | D        | Noticed a redback
  2238 | D        | Killed a redback
  2239 | D        | Noticed Maud
  2241 | D        | Killed Maud
  2241 | D        | Reached skill level 15 in Dodging
  2241 | D        | Reached skill level 10 in Hexes
  2241 | D        | Reached XP level 11. HP: 47/47 MP: 27/29
  2249 | D        | Noticed an electric eel
  2250 | D        | Noticed a four-headed hydra
  2250 | D        | Noticed an eight-headed hydra
  2252 | D        | Killed an electric eel
  2254 | D        | Killed a four-headed hydra
  2254 | D        | Reached skill level 17 in Stealth
  2255 | D        | Killed an eight-headed hydra
  2293 | D        | Noticed a death drake
  2296 | D        | Killed a death drake
  2298 | D        | Noticed a black mamba
  2298 | D        | Noticed a water moccasin
  2298 | D        | Noticed a water moccasin
  2299 | D        | Noticed a water moccasin
  2300 | D        | Killed a black mamba
  2302 | D        | Killed a water moccasin
  2304 | D        | Killed a water moccasin
  2312 | D        | Killed a water moccasin
  2370 | D        | Noticed an anaconda
  2370 | D        | Noticed a water moccasin
  2370 | D        | Noticed a black mamba
  2371 | D        | Noticed a black mamba
  2372 | D        | Killed an anaconda
  2372 | D        | Reached skill level 10 in Translocations
  2373 | D        | Killed a water moccasin
  2375 | D        | Killed a black mamba
  2378 | D        | Killed a black mamba
  2427 | D        | Noticed a water moccasin
  2427 | D        | Noticed a black mamba
  2427 | D        | Noticed an anaconda
  2427 | D        | Noticed a black mamba
  2428 | D        | Killed a water moccasin
  2428 | D        | Reached skill level 18 in Stealth
  2429 | D        | Noticed an anaconda
  2429 | D        | Noticed an anaconda
  2430 | D        | Killed an anaconda
  2431 | D        | Killed a black mamba
  2432 | D        | Killed a black mamba
  2435 | D        | Killed an anaconda
  2436 | D        | Killed an anaconda
  2461 | D        | Learned a level 6 spell: Invisibility
  2465 | D        | Noticed a naga
  2465 | D        | Noticed a naga
  2466 | D        | Noticed a naga warrior
  2466 | D        | Noticed a greater naga
  2466 | D        | Found Uphugug's Gadget Shop.
  2466 | D        | Found Koitzex's Magic Scroll Shoppe.
  2467 | D        | Killed a naga
  2468 | D        | Killed a naga
  2468 | D        | Reached XP level 12. HP: 51/51 MP: 20/31
  2469 | D        | Found Ehuvamuhou's Antique Armour Boutique.
  2470 | D        | Killed a naga warrior
  2471 | D        | Killed a greater naga
  2471 | D        | Reached skill level 10 in Short Blades
  2471 | D        | Reached skill level 19 in Stealth
  2471 | D        | Reached skill level 15 in Spellcasting
  2471 | D        | Reached skill level 10 in Transmutations
  2483 | D        | Noticed a guardian serpent
  2486 | D        | Killed a guardian serpent
  2488 | D        | Got a serpentine rune of Zot
  2548 | D        | Found a blossoming altar of Fedhas.
  2548 | D        | Noticed a spriggan
  2548 | D        | Noticed a spriggan druid
  2548 | D        | Noticed a spriggan
  2549 | D        | Killed a spriggan
  2550 | D        | Killed a spriggan druid
  2551 | D        | Killed a spriggan
  2634 | D        | Noticed a swamp drake
  2634 | D        | Noticed a fire drake
  2635 | D        | Killed a fire drake
  2637 | D        | Killed a swamp drake
  2650 | D        | Noticed a blink frog
  2650 | D        | Noticed a blink frog
  2650 | D        | Noticed a blink frog
  2651 | D        | Noticed a blink frog
  2651 | D        | Noticed a blink frog
  2652 | D        | Killed a blink frog
  2653 | D        | Killed a blink frog
  2655 | D        | Killed a blink frog
  2658 | D        | Killed a blink frog
  2661 | D        | Killed a blink frog
  2733 | D        | Noticed Rupert
  2735 | D        | Killed Rupert
  2760 | D        | Noticed a death yak
  2760 | D        | Noticed a blink frog
  2760 | D        | Noticed a death yak
  2761 | D        | Killed a death yak
  2762 | D        | Noticed an azure jelly
  2762 | D        | Noticed a death yak
  2762 | D        | Noticed an azure jelly
  2762 | D        | Noticed a blink frog
  2762 | D        | Noticed a death yak
  2763 | D        | Killed a death yak
  2764 | D        | Killed a blink frog
  2765 | D        | Noticed a blink frog
  2765 | D        | Noticed a black mamba
  2766 | D        | Killed a death yak
  2766 | D        | Reached skill level 20 in Stealth
  2767 | D        | Noticed a black mamba
  2768 | D        | Killed a death yak
  2769 | D        | Killed a blink frog
  2770 | D        | Killed a blink frog
  2772 | D        | Killed a black mamba
  2773 | D        | Killed a black mamba
  2854 | D        | Noticed Polyphemus
  2855 | D        | Noticed Ilsuiw
  2856 | D        | Killed Polyphemus
  2856 | D        | Reached XP level 13. HP: 55/55 MP: 29/34
  2871 | D        | Found Qoadett's Jewellery Shoppe.
  2871 | D        | Found Isittyhu's Antique Weapon Boutique.
  2871 | D        | Noticed a sea snake
  2873 | D        | Killed a sea snake
  2919 | D        | Found Ocliazxa's Magic Scroll Emporium.
  2920 | D        | Noticed a merfolk javelineer
  2922 | D        | Killed a merfolk javelineer
  3228 | D        | Noticed an azure jelly
  3228 | D        | Noticed an azure jelly
  3233 | D        | Killed Ilsuiw
  3287 | D        | Got a barnacled rune of Zot
  3413 | D        | Noticed an elephant
  3413 | D        | Noticed an elephant
  3413 | D        | Noticed a dire elephant
  3413 | D        | Noticed a dire elephant
  3413 | D        | Noticed Gastronok
  3431 | D        | Killed a dire elephant
  3439 | D        | Killed Gastronok
  3439 | D        | Reached skill level 21 in Stealth
  3441 | D        | Killed a dire elephant
  3445 | D        | Killed an elephant
  3447 | D        | Killed an elephant
  3469 | D        | Learned a level 2 spell: Swiftness
  3538 | D        | Noticed Dowan
  3538 | D        | Noticed Duvessa
  3541 | D        | Killed Dowan
  3541 | D        | Reached skill level 1 in Charms
  3566 | D        | Killed Duvessa
  3586 | D        | Noticed a polar bear simulacrum
  3586 | D        | Noticed a six-headed hydra simulacrum
  3586 | D        | Noticed a black mamba simulacrum
  3586 | D        | Killed a six-headed hydra simulacrum
  3587 | D        | Killed a polar bear simulacrum
  3588 | D        | Killed a black mamba simulacrum
  3950 | D        | Learned a level 2 spell: Confusing Touch
  3955 | D        | Learned a level 3 spell: Gell's Gravitas
  4052 | D        | Noticed an orc high priest
  4052 | D        | Noticed an orc high priest
  4053 | D        | Noticed an orc priest
  4053 | D        | Noticed an orc priest
  4054 | D        | Killed an orc high priest
  4055 | D        | Killed an orc high priest
  4055 | D        | Reached skill level 1 in Air Magic
  4057 | D        | Killed an orc priest
  4058 | D        | Killed an orc priest
  4113 | D        | Noticed a black mamba simulacrum
  4115 | D        | Killed a black mamba simulacrum
  4136 | D        | Noticed an obsidian statue
  4154 | D        | Killed an obsidian statue
  4157 | D        | Noticed a crystal guardian
  4158 | D        | Killed a crystal guardian
  4172 | D        | Noticed a crystal guardian
  4202 | D        | Noticed a crystal guardian
  4203 | D        | Killed a crystal guardian
  4383 | D        | Noticed a molten gargoyle
  4383 | D        | Noticed a fire elementalist statue
  4383 | D        | Noticed an earth elementalist statue
  4385 | D        | Killed a crystal guardian
  4385 | D        | Killed a molten gargoyle
  4385 | D        | Killed a fire elementalist statue
  4386 | D        | Killed an earth elementalist statue
  4400 | D        | Noticed a shadow wraith
  4425 | D        | Killed a shadow wraith
  4426 | D        | Noticed a crystal guardian
  4427 | D        | Noticed a water elementalist statue
  4427 | D        | Noticed an air elementalist statue
  4429 | D        | Killed a crystal guardian
  4429 | D        | Killed an air elementalist statue
  4430 | D        | Killed a water elementalist statue
  4433 | D        | Killed a ball lightning
  4433 | D        | Killed a ball lightning
  4435 | D        | Killed a ball lightning
  4441 | D        | Killed a ball lightning
  4547 | D        | Learned a level 4 spell: Petrify
  4548 | D        | Noticed a wasp
  4559 | D        | Noticed Mara
  4583 | D        | Found Tiusap Pinki's Food Shop.
  4583 | D        | Found Rysioz's Magic Scroll Shoppe.
  4583 | D        | Found Ceixt's Gadget Emporium.
  4583 | D        | Found Totirum's Weapon Boutique.
  4583 | D        | Found Ysuow's Antique Weapon Emporium.
  4583 | D        | Found Zuruony's Book Shop.
  4583 | D        | Found Doeteug's Magic Scroll Boutique.
  4583 | D        | Found Usmitzod's Magic Scroll Shoppe.
  4583 | D        | Found Judgh's Jewellery Emporium.
  4583 | D        | Found Ewaufagg's Distillery.
  4583 | D        | Found Fitrileg's Antique Armour Boutique.
  4583 | D        | Found Tayfraet's Jewellery Emporium.
  4655 | D        | Noticed a spriggan defender
  4656 | D        | Noticed a spriggan defender
  4656 | D        | Noticed a spriggan defender
  4656 | D        | Noticed a spriggan defender
  4657 | D        | Killed a spriggan defender
  4657 | D        | Reached skill level 22 in Stealth
  4658 | D        | Killed a spriggan defender
  4660 | D        | Killed a spriggan defender
  4661 | D        | Killed a spriggan defender
  4839 | D        | Noticed a lindwurm
  4842 | D        | Killed a lindwurm
  4854 | D        | Noticed a slime creature
  4856 | D        | Killed a slime creature
  4868 | D        | Noticed a fire dragon
  4871 | D        | Killed a fire dragon
  4876 | D        | Noticed a centaur warrior
  4880 | D        | Killed a centaur warrior
  4896 | D        | Noticed a skeletal warrior
  4896 | D        | Noticed a slime creature
  4897 | D        | Noticed a red ugly thing
  4899 | D        | Killed a red ugly thing
  4908 | D        | Killed a skeletal warrior
  4908 | D        | Killed a slime creature
  5081 | D        | Noticed a mace of crushing
  5081 | D        | Noticed a dire flail of protection
  5081 | D        | Noticed a glaive of venom
  5082 | D        | Noticed a hand axe of electrocution
  5083 | D        | Killed a dire flail of protection
  5089 | D        | Killed a hand axe of electrocution
  5089 | D        | Reached skill level 5 in Charms
  5089 | D        | Reached XP level 14. HP: 50/59 MP: 25/36
  5100 | D        | Killed a mace of crushing
  5129 | D        | Killed a glaive of venom
  5292 | D        | Noticed a yaktaur captain
  5292 | D        | Noticed a slime creature
  5293 | D        | Noticed an anubis guard
  5293 | D        | Noticed a purple ugly thing
  5295 | D        | Killed an anubis guard
  5311 | D        | Killed a slime creature
  5314 | D        | Killed a purple ugly thing
  5336 | D        | Noticed a purple ugly thing
  5338 | D        | Killed a purple ugly thing
  5370 | D        | Killed a yaktaur captain
  5426 | D        | Noticed Chuck
  5564 | D        | Hit by a large rock of returning thrown by Chuck

Vault maps used:
D:        dungeon_sprint_mu

Action                   |  1- 3 |  4- 6 |  7- 9 | 10-12 | 13-15 || total
-------------------------+-------+-------+-------+-------+-------++-------
Melee: Dagger            |     6 |     6 |    38 |   575 |   267 ||   892
       Quick blade       |       |       |       |       |    19 ||    19
 Cast: Ensorcelled Hiber |     3 |       |    12 |    35 |     5 ||    55
       Confuse           |       |       |     1 |     3 |     3 ||     7
       Dazzling Spray    |       |       |    11 |     7 |    20 ||    38
       Invisibility      |       |       |       |     1 |     3 ||     4
       Passwall          |       |       |       |     4 |     6 ||    10
       Lee's Rapid Decon |       |       |       |       |    23 ||    23
       Confusing Touch   |       |       |       |       |     1 ||     1
       Darkness          |       |       |       |       |     1 ||     1
Invok: Shadow Step       |       |       |       |    14 |    11 ||    25
Evoke: Wand              |       |     7 |       |       |       ||     7
  Use: Potion            |       |     3 |     3 |       |     3 ||     9
       Scroll            |       |     2 |       |       |     3 ||     5
 Stab: Sleeping          |     5 |     6 |    20 |    73 |    31 ||   135
       Confused          |       |       |     1 |     1 |     4 ||     6
       Invisible         |       |       |       |     1 |     6 ||     7
       Distracted        |       |       |       |       |     1 ||     1
  Eat: Bread ration      |       |       |       |     1 |       ||     1
       Fruit             |       |       |       |       |     6 ||     6
